 Dungeon Sprint DCSS version 0.30-a0-1094-g860fb061e7 (webtiles) character file.

Game seed: 13596185055390810118

14920 123456 the Warrior (level 11, -4/118 (126) HPs)
             Began as a Minotaur Fighter on Sept 16, 2022.
             Was an Initiate of Gozag.
             Slain by a soul eater (14 damage)
             ... summoned by an orc high priest
             ... in the Dungeon (Sprint IX: "|||||||||||||||||||||||||||||") on Apr 17, 2023.
             The game lasted 00:05:08 (2300 turns).

123456 the Warrior (Minotaur Fighter)               Turns: 2300, Time: 00:05:09

HP:   -4/118 (126)  AC: 19    Str: 22    XL:     11   Next: 95%
MP:   10/10         EV: 16    Int:  8    God:    Gozag
Gold: 7120          SH:  0    Dex: 13    Spells: 10/10 levels left

rFire   . . .      SeeInvis .    n - +7 dire flail (heavy)
rCold   . . .      Faith    .    (shield currently unavailable)
rNeg    . . .      Spirit   .    o - +1 chain mail
rPois   .          Reflect  .    (helmet restricted)
rElec   .          Rampage  .    c - +0 cloak
rCorr   .          NoTele   +    a - +0 pair of gloves
Will    .....                    r - +0 pair of boots Stlth
                                 (no amulet)
HPRegen 0.39/turn                p - +3 ring of intelligence
MPRegen 0.12/turn                q - +2 ring of evasion

@: mighty, drained, invisible
A: horns 2, retaliatory headbutt
a: Renounce Religion, Potion Petition, Call Merchant, Bribe Branch


You were in the Dungeon.
You worshipped Gozag.
Gozag was greatly pleased with you.
You visited 1 branch You collected 7120 gold pieces.

Inventory:

Hand Weapons
 n - a +7 heavy dire flail (weapon)
Armour
 a - a +0 pair of gloves (worn)
 c - a +0 cloak (worn)
 o - a +1 chain mail (worn)
 r - a +0 pair of boots (worn)
Jewellery
 p - a +3 ring of intelligence (left hand)
 q - a +2 ring of evasion (right hand)
Wands
 m - a wand of roots (10)
 u - a wand of light (9)
Scrolls
 j - 2 scrolls of blinking
 l - 2 scrolls of amnesia
 s - 3 scrolls of fog
 t - 2 scrolls of fear
Potions
 b - 2 potions of resistance
 d - 2 potions of might
 e - 4 potions of curing
 g - a potion of haste
 h - 4 potions of magic
 i - a potion of berserk rage
 v - a potion of lignification {unknown}


   Skills:
 * Level 20.9 Fighting
 * Level 20.8 Maces & Flails
 + Level 15.4 Armour
 + Level 13.7 Dodging
 - Level 3.6 Shields


You had 10 spell levels left.
You didn't know any spells.
Your spell library was empty.

Dungeon Overview and Level Annotations

Branches:
Dungeon (1/1)

Altars:
Cheibriados
Dithmenos
Elyvilon
Fedhas
Gozag
Hepliaklqana
Kikubaaqudgha
Makhleb
Nemelex Xobeh
Okawaru
Qazlal
Ru
Sif Muna
Trog
Uskayaw
Vehumet
Wu Jian
Xom
Yredelemnul
Zin
The Shining One
Jiyva
Lugonu

Shops:
D :


Innate Abilities, Weirdness & Mutations

You have a pair of horns on your head.
You reflexively headbutt those who attack you in melee.


Message History

The orc high priest shouts, "You must be punished!"
You feel better. The hellwing hits you.
* * * LOW HITPOINT WARNING * * *
The hellwing hits you.
* * * LOW HITPOINT WARNING * * *
The soul eater hits you but does no damage.
You feel better. The soul eater completely misses you.
The hellwing closely misses you. You furiously retaliate!
You headbutt the hellwing! The hellwing misses you.
The orc knight roars a battlecry!
You fade into invisibility!
The neqoxec shouts!
The hellwing barely misses you. You furiously retaliate!
You headbutt the hellwing! The hellwing misses you. The soul eater hits you!
* * * LOW HITPOINT WARNING * * *
You feel better.
The hellwing hits you but does no damage.
The hellwing misses you. The soul eater hits you!
* * * LOW HITPOINT WARNING * * *
You feel very mighty all of a sudden.
The neqoxec shouts!
The neqoxec disappears in a puff of smoke!
The soul eater hits you!
* * * LOW HITPOINT WARNING * * *
The hellwing misses you. The hellwing closely misses you.
An orc knight comes into view.
It is wielding a +1 great mace of holy wrath.
You closely miss the soul eater. You headbutt the soul eater.
The soul eater is moderately wounded.
The orc knight shouts!
The soul eater draws from the surrounding life force!
The hellwing barely misses you.
The hellwing hits you but does no damage.
The orc high priest utters an invocation to Beogh.
You closely miss the soul eater.
The soul eater is moderately wounded.
The hellwing completely misses you.
The hellwing hits you but does no damage.
The soul eater draws from the surrounding life force!
You die...
Your body crumbles into a pile of gold.

__________________'..).....[')...
▓▓▓▓▓▓▓▓▓▓▓▓▓▓▓▓▓▓▓▓▓▓▓▓▓▓▓▓▓▓▓▓▓
.................................
▓▓▓▓▓▓▓▓▓▓▓▓▓▓▓▓▓▓▓▓▓▓▓▓▓▓▓▓▓▓▓▓▓
........'.........'............'.
▓▓▓▓▓▓▓▓▓▓▓▓▓▓▓▓▓▓▓▓▓▓▓▓▓▓▓▓▓▓▓▓▓
.................)...............
▓▓▓▓▓▓▓▓▓▓▓▓▓▓▓▓▓▓▓▓▓▓▓▓▓▓▓▓▓▓▓▓▓
))).)))))))))).4@33oo4oo$ $ $ $$$
▓▓▓▓▓▓▓▓▓▓▓▓▓▓▓▓▓▓▓▓▓▓▓▓


You could see 2 orc knights, a soul eater (summoned), 2 orc high priests, a sun
demon (summoned, unable to see you) and 2 hellwings.

Vanquished Creatures
  A stone giant (D)
  A dire elephant (D)
  Erolcha (D)
  A death yak (D)
  2 orc high priests (D)
  Urug (D)
  Sonja (D)
  3 orc knights (D)
  3 black mambas (D)
  A torpor snail (D)
  9 elephants (D)
  A cane toad (D)
  A gargoyle (D)
  A komodo dragon (D)
  2 trolls (D)
  A meliai (D)
  A polar bear (D)
  2 hornets (D)
  A dream sheep (D)
  A shadow (D)
  A wyvern (D)
  A vampire mosquito (D)
  3 water moccasins (D)
  8 orc warriors (D)
  2 wolves (D)
  A bullfrog (D)
  A necrophage (D)
  A scorpion (D)
  A gnoll sergeant (D)
  A jelly (D)
  3 orc priests (D)
  6 orc wizards (D)
  A gnoll (D)
  A dart slug (D)
  9 orcs (D)
  A ball python (D)
  An endoplasm (D)
  A goblin (D)
  A hobgoblin (D)
79 creatures vanquished.

Notes
Turn   | Place    | Note
-------+----------+-------------------------------------------
     0 | D        | 123456 the Minotaur Fighter began the quest for the Orb.
     0 | D        | Reached XP level 1. HP: 19/19 MP: 0/0
     7 | D        | Reached skill level 1 in Dodging
    12 | D        | Reached XP level 2. HP: 26/28 MP: 1/1
    32 | D        | Noticed a scorpion
    32 | D        | Noticed a necrophage
    35 | D        | Reached skill level 5 in Fighting
    35 | D        | Reached skill level 5 in Maces & Flails
    35 | D        | Reached XP level 3. HP: 24/37 MP: 2/2
    44 | D        | Killed a scorpion
    45 | D        | Reached skill level 5 in Armour
    45 | D        | Reached XP level 4. HP: 24/47 MP: 3/3
    45 | D        | Upgraded the game from 0.30-a0-122-g2a1322497e to
                  | 0.30-a0-1094-g860fb061e7
    53 | D        | Killed a necrophage
    54 | D        | Reached XP level 5. HP: 15/55 MP: 4/4
   296 | D        | Found a snail-covered altar of Cheibriados.
   296 | D        | Found a shadowy altar of Dithmenos.
   296 | D        | Found a white marble altar of Elyvilon.
   296 | D        | Found a blossoming altar of Fedhas.
   296 | D        | Found an opulent altar of Gozag.
   297 | D        | Found a hazy altar of Hepliaklqana.
   298 | D        | Found a viscous altar of Jiyva.
   299 | D        | Found an ancient bone altar of Kikubaaqudgha.
   300 | D        | Found a corrupted altar of Lugonu.
   301 | D        | Found a burning altar of Makhleb.
   302 | D        | Found a sparkling altar of Nemelex Xobeh.
   303 | D        | Found an iron altar of Okawaru.
   304 | D        | Became a worshipper of Gozag Ym Sagoz the Greedy
   305 | D        | Found a stormy altar of Qazlal.
   306 | D        | Found a sacrificial altar of Ru.
   307 | D        | Found a shimmering blue altar of Sif Muna.
   308 | D        | Found a bloodstained altar of Trog.
   309 | D        | Found a hide-covered altar of Uskayaw.
   310 | D        | Found a radiant altar of Vehumet.
   311 | D        | Found an ornate altar of the Wu Jian Council.
   312 | D        | Found a shimmering altar of Xom.
   313 | D        | Found a basalt altar of Yredelemnul.
   314 | D        | Found a glowing silver altar of Zin.
   315 | D        | Found a glowing golden altar of the Shining One.
   374 | D        | Noticed a hornet
   374 | D        | Noticed a troll
   374 | D        | Noticed a shadow
   374 | D        | Noticed a hornet
   377 | D        | Reached skill level 5 in Dodging
   385 | D        | Killed a hornet
   386 | D        | Reached skill level 10 in Fighting
   386 | D        | Reached skill level 10 in Maces & Flails
   386 | D        | Reached XP level 6. HP: 55/67 MP: 5/5
   388 | D        | Killed a troll
   389 | D        | Reached XP level 7. HP: 37/74 MP: 6/6
   394 | D        | Killed a shadow
   397 | D        | Paralysed by a hornet for 1 turns
   399 | D        | Killed a hornet
   400 | D        | Reached XP level 8. HP: 21/85 MP: 7/7
   591 | D        | Noticed a troll
   591 | D        | Noticed a gargoyle
   591 | D        | Noticed a meliai
   595 | D        | Killed a troll
   602 | D        | Killed a gargoyle
   603 | D        | Reached skill level 10 in Armour
   604 | D        | Killed a meliai
   987 | D        | Noticed a black mamba
   987 | D        | Noticed a cane toad
   992 | D        | Killed a black mamba
   993 | D        | Reached XP level 9. HP: 79/96 MP: 8/8
   994 | D        | Killed a cane toad
   995 | D        | Reached skill level 15 in Fighting
  1003 | D        | Reached skill level 15 in Maces & Flails
  1009 | D        | Noticed a black mamba
  1010 | D        | Noticed a torpor snail
  1021 | D        | Killed a black mamba
  1022 | D        | Reached skill level 10 in Dodging
  1025 | D        | Killed a torpor snail
  1209 | D        | Noticed a black mamba
  1209 | D        | Noticed a komodo dragon
  1209 | D        | Noticed a death yak
  1209 | D        | Noticed an elephant
  1214 | D        | Killed a black mamba
  1214 | D        | Noticed an elephant
  1215 | D        | Reached XP level 10. HP: 92/108 MP: 9/9
  1218 | D        | Killed a death yak
  1232 | D        | Killed an elephant
  1234 | D        | Killed an elephant
  1385 | D        | Noticed an elephant
  1385 | D        | Noticed a dire elephant
  1385 | D        | Noticed an elephant
  1385 | D        | Noticed an elephant
  1385 | D        | Noticed an elephant
  1385 | D        | Noticed an elephant
  1386 | D        | Noticed an elephant
  1393 | D        | Killed a dire elephant
  1396 | D        | Killed an elephant
  1401 | D        | Killed an elephant
  1406 | D        | Killed an elephant
  1407 | D        | Reached XP level 11. HP: 97/121 MP: 10/10
  1558 | D        | Noticed Erolcha
  1563 | D        | Killed Erolcha
  1604 | D        | Noticed Sonja
  1613 | D        | Killed Sonja
  1708 | D        | Noticed Urug
  1722 | D        | Killed Urug
  1997 | D        | Noticed an orc knight
  2006 | D        | Killed an orc knight
  2061 | D        | Noticed a stone giant
  2062 | D        | Noticed an orc knight
  2072 | D        | Killed a stone giant
  2077 | D        | Killed an orc knight
  2078 | D        | Reached skill level 15 in Armour
  2268 | D        | Found Gidydoveeb's Book Emporium.
  2268 | D        | Noticed an orc knight
  2268 | D        | Noticed an orc high priest
  2268 | D        | Noticed an orc high priest
  2268 | D        | Noticed an orc high priest
  2268 | D        | Noticed an orc high priest
  2269 | D        | Noticed an orc knight
  2274 | D        | Killed an orc knight
  2278 | D        | Killed an orc high priest
  2285 | D        | Noticed a soul eater
  2287 | D        | Noticed a sun demon
  2287 | D        | Killed an orc high priest
  2298 | D        | Noticed an orc knight
  2300 | D        | Slain by a soul eater

Illustrated notes

Levels and vault maps discovered:
D:        linesprint [early_d, line_temple, items_1, d_10, items_2, lair_1,
          lair_end, items_3, orc_1, orc_end, items_4, d_15, swamp_1, shoals_1,
          snake_1, spider_1, d_20, vaults_1, items_5, swamp_end, shoals_end,
          snake_end, spider_end, vaults_end, d_27, items_6, zot_1, zot_end,
          crypt_end, forest_end, elf_end, slime_end, tomb_end, abyss_end,
          pan_hell_end]

Skill      XL: |  1  2  3  4  5  6  7  8  9 10 11 |
---------------+----------------------------------+-----
Fighting       | 4 5 7 8 10 11 12 14 16 18 20 | 20.9
Maces & Flails | 3 5 6 7 10 11 12 14 16 18 20 | 20.8
Dodging        | 1 2 3 4 6 7 9 10 12 13 | 13.7
Armour         | 4 5 6 7 8 9 10 12 13 15 | 15.4
Shields        | |  3.6

Action                     |  1- 3 |  4- 6 |  7- 9 | 10-12 || total
---------------------------+-------+-------+-------+-------++-------
  Melee: Flail             |    19 |     9 |       |       ||    28
         Headbutt          |     3 |     3 |     8 |    30 ||    44
         Dire flail        |       |    10 |    56 |   136 ||   202
    Use: Potion            |       |       |     2 |     9 ||    11
         Scroll            |       |       |     4 |     1 ||     5
   Stab: Distracted        |       |       |       |     1 ||     1
 Armour: Scale mail        |     1 |     2 |       |       ||     3
         Chain mail        |       |     5 |    22 |    35 ||    62
  Dodge: Dodged            |     8 |    13 |    27 |    87 ||   135
  Block: Buckler           |     2 |     1 |       |       ||     3

Table legend: (Time is in decaauts)
 A = Elapsed time spent in this place.
 B = Non-inter-level travel time spent in this place.
 C = Inter-level travel time spent in this place.
 D = Time resting spent in this place.
 E = Time spent auto-exploring this place.
 F = Levels seen in this place.
 G = Mean time per level.
                   A        B        C        D        E       F      G
               +--------+--------+--------+--------+--------+-----+--------+
         Total |   2307 |   2307 |      0 |   1077 |    750 |   1 | 2307.0 |
       Dungeon |   2307 |   2307 |      0 |   1077 |    750 |   1 | 2307.0 |
               +--------+--------+--------+--------+--------+-----+--------+

Top non-repeatable levels by time:
       D: 2307 daAuts
